 Dungeon Crawl Stone Soup version 0.31-a0-354-g827e0957a7 (webtiles) character file.

Game seed: 8410574490478837556

195 themarg the Conjurer (level 5, -1/42 HPs)
             Began as a Tengu Conjurer on July 23, 2023.
             Frozen to death by an endoplasm (5 damage)
             ... on level 3 of the Dungeon.
             The game lasted 00:06:33 (3023 turns).

themarg the Conjurer (Tengu Conjurer)               Turns: 3023, Time: 00:06:34

Health: -1/42      AC: 22    Str:  7    XL:     5   Next: 74%
Magic:  0/9        EV:  2    Int: 21    God:
Gold:   109        SH:  0    Dex: 12    Spells: 5/8 levels left

rFire   . . .        (no weapon)
rCold   . . .        (no shield)
rNeg    . . .        a - melded +0 robe
rPois   +            (helmet currently unavailable)
rElec   .            (cloak currently unavailable)
rCorr   .            l - melded +0 pair of gloves
SInv    .            (boots unavailable)
Will    .....        (no amulet)
Stlth   ++           (no ring)
HPRegen 0.27/turn    (no ring)
MPRegen 0.11/turn

%: no passive effects
@: tree-form
A: stationary, stasis, torment immunity, boosted hp, (beak), (talons 3), nimble
flight
a: no special abilities


You were on level 3 of the Dungeon.
You were a tree.
You visited 1 branch of the dungeon, and saw 3 of its levels.

You collected 109 gold pieces.

Inventory:

Hand Weapons
 d - a +0 dagger
Missiles
 e - 30 stones
 f - 7 poisoned darts
Armour
 a - a +0 robe (melded)
 i - the +2 ring mail of Ewemisoi {rC+ rCorr}
   (You found it on level 2 of the Dungeon)

   rC:        It protects you from cold.
   rCorr:     It protects you from acid and corrosion.
 l - a +0 pair of gloves (melded)
 r - a +1 cloak
Jewellery
 k - the ring of Uschat {rC- rCorr Int+3 Slay+6}
   (You took it off a kobold on level 2 of the Dungeon)

   [ring of resist corrosion]

   Int:       It affects your intelligence (+3).
   Slay:      It affects your accuracy & damage with ranged weapons and melee
   (+6).
   rC:        It makes you vulnerable to cold.
   rCorr:     It protects you from acid and corrosion.
Scrolls
 c - a scroll of teleportation {unknown}
 h - a scroll of identify
 o - a scroll of revelation {unknown}
 p - a scroll of torment {unknown}
 s - a scroll of noise {unknown}
Potions
 b - a potion of magic
 j - a potion of curing {unknown}
 m - a potion of heal wounds {unknown}
 n - a potion of haste {unknown}
 q - a potion of attraction {unknown}


   Skills:
 - Level 2.1 Dodging
 - Level 3.0 Stealth
 - Level 2.0 Spellcasting
 + Level 7.7 Conjurations
 + Level 1.9 Translocations


You had 5 spell levels left.
You knew the following spells:

 Your Spells              Type           Power      Damage    Failure   Level
a - Magic Dart            Conj           100%       1d8       1%          1
b - Searing Ray           Conj           68%        2d6       1%          2

Your spell library contained the following spells:

 Spells                   Type           Power      Damage    Failure   Level
 Apportation              Tloc           20%        N/A       7%          1
 Dazzling Flash           Conj/Hex       36%        N/A       9%          3
 Necrotise                Necr           8%         1d4       14%         1
 Summon Small Mammal      Summ           8%         N/A       14%         1
 Iskenderun's Mystic Bla  Conj/Tloc      22%        2d6       21%         4
 Portal Projectile        Hex/Tloc       12%        N/A       30%         3
 Fulminant Prism          Conj/Hex       9%         3d7       30%         4
 Call Canine Familiar     Summ           2%         N/A       41%         3
 Leda's Liquefaction      Hex/Erth       1%         N/A       82%         4
 Summon Forest            Summ/Tloc      3%         N/A       95%         5
 Summon Mana Viper        Hex/Summ       2%         N/A       99%         5
 Summon Cactus Giant      Summ           1%         N/A       100%        6


Dungeon Overview and Level Annotations

Branches:
Dungeon (3/15)

Altars:
Dithmenos
Elyvilon
Vehumet


Innate Abilities, Weirdness & Mutations

You are a tree.
Your roots penetrate the ground, keeping you stationary.
You cannot be teleported.
You are immune to unholy pain and torment.
Your maximum health is greatly increased.
Your equipment is partially melded.
((You have a beak for a mouth.))
((You have claws for feet.))
Your magical nature lets you fly swiftly and evasively.


Message History

You are now empty-handed.
The black bear bites you but does no damage.
The black bear claws you but does no damage. x2
You hit the black bear.
The black bear is moderately wounded.
The black bear bites you but does no damage.
The black bear claws you but does no damage. x2
You hit the black bear.
The black bear is heavily wounded.
The black bear bites you but does no damage.
The black bear claws you but does no damage. x2
You hit the black bear.
The black bear is severely wounded.
The endoplasm freezes you.
You are frozen.
* * * LOW HITPOINT WARNING * * *
The black bear goes berserk!
Aiming: Searing Ray (safe; 1% risk of failure)
Press: ? - help, Shift-Dir - straight line, f/p - black bear
Aim: a black bear (severely wounded, berserk, 86% to hit)
The searing ray hits the black bear!
You kill the black bear! (Press . to maintain the ray.)
The endoplasm hits you but does no damage.
You have reached level 5!
Your magical nature develops, letting you fly swiftly and evasively.
Restarting spell: Searing Ray (safe; 1% risk of failure)
Press: ? - help, Shift-Dir - straight line, f - endoplasm
Aim: an endoplasm (98% to hit)
The searing ray hits the endoplasm.
The endoplasm is lightly wounded. (Press . to maintain the ray.)
The endoplasm freezes you.
You are frozen.
* * * LOW HITPOINT WARNING * * *
The searing ray hits the endoplasm.
The endoplasm is almost dead.
The endoplasm freezes you.
You are frozen.
You die...

#.#.# ### ######.#.# #..
#....#.#.# #.# #....#.#.#
#.# #....#.#.# #.# ####
#....#.#.# #.# #⌠⌠#
#........###.# #__#
##...........# #..8
#♣#.#####.### #''#
#J#.....#'#####..#
########.....#......#....
.........#.#.#......#....
########.#.###......###'#
#######............# #.#
#####......)#####......# #.#
#........##'# #'##...###.#
#.#.#..###..#...#†.###..##.#


You could see an endoplasm.

Vanquished Creatures
  A black bear (D:3)
  3 adders
  3 worms
  8 endoplasms
  3 giant cockroaches (D:2)
  7 goblins
  7 hobgoblins
  5 quokkas
  6 ball pythons
  6 bats
  4 frilled lizards
  8 kobolds
  8 rats
69 creatures vanquished.

Notes
Turn   | Place    | Note
-------+----------+-------------------------------------------
     0 | D:1      | themarg the Tengu Conjurer began the quest for the Orb.
     0 | D:1      | Reached XP level 1. HP: 10/10 MP: 4/4
   171 | D:1      | Reached XP level 2. HP: 15/15 MP: 3/6
   206 | D:1      | Learned a level 2 spell: Searing Ray
   715 | D:1      | Reached XP level 3. HP: 19/19 MP: 2/7
   788 | D:1      | Reached skill level 6 in Conjurations
  1581 | D:2      | Identified the +2 ring mail of Ewemisoi {rC+ rCorr}
  1710 | D:2      | Reached XP level 4. HP: 24/24 MP: 1/8
  1807 | D:2      | Identified the ring of Uschat {rC- rCorr Int+3 Slay+6}
  1890 | D:2      | Found a white marble altar of Elyvilon.
  2512 | D:3      | Reached skill level 7 in Conjurations
  2621 | D:3      | Noticed a black bear
  2837 | D:3      | Found a shadowy altar of Dithmenos.
  2837 | D:3      | Found a radiant altar of Vehumet.
  2916 | D:3      | Reached skill level 1 in Translocations
  3021 | D:3      | Killed a black bear
  3022 | D:3      | Gained mutation: Your magical nature lets you fly swiftly
                  | and evasively. [Tengu growth]
  3022 | D:3      | Reached XP level 5. HP: 4/28 MP: 2/9
  3023 | D:3      | Frozen to death by an endoplasm

Illustrated notes

Levels and vault maps discovered:
D:1:      minmay_arrival_nine_rooms, layout_basic
D:2:      layout_basic, basic_altar, minmay_diced_spiral
D:3:      layout_basic, led_sif_pool, gammafunk_temple_overflow_wave,
          nicolae_ru_great_annihilating_truth, minmay_divided_ellipse

Skill      XL: |  1  2  3  4 |
---------------+-------------+-----
Conjurations   | 6 7 |  7.7
Stealth        | 3 |  3.0
Translocations | 1 |  1.9
Dodging        | |  2.1
Spellcasting   | |  2.0

Action                     |  1- 3 |  4- 6 || total
---------------------------+-------+-------++-------
  Melee: Unarmed           |       |     3 ||     3
         Dagger            |       |     2 ||     2
   Cast: Magic Dart        |    45 |    21 ||    66
         Searing Ray       |    13 |    13 ||    26
    Use: Scroll            |       |     1 ||     1
         Potion            |       |     1 ||     1
   Stab: Sleeping          |       |     2 ||     2
 Armour: Robe              |     1 |     3 ||     4
         Skin              |       |    12 ||    12
  Dodge: Dodged            |     1 |     9 ||    10

Table legend: (Time is in decaauts)
 A = Elapsed time spent in this place.
 B = Non-inter-level travel time spent in this place.
 C = Inter-level travel time spent in this place.
 D = Time resting spent in this place.
 E = Time spent auto-exploring this place.
 F = Levels seen in this place.
 G = Mean time per level.
                   A        B        C        D        E       F      G
               +--------+--------+--------+--------+--------+-----+--------+
         Total |   3022 |   2928 |     94 |    178 |   2404 |   3 | 1007.3 |
       Dungeon |   3022 |   2928 |     94 |    178 |   2404 |   3 | 1007.3 |
               +--------+--------+--------+--------+--------+-----+--------+

Top non-repeatable levels by time:
     D:1: 1270 daAuts
     D:2: 1233 daAuts
     D:3: 518 daAuts
